Map: 백워터 - 래더

Players

Jieshi

  • Race: Protoss Protoss
  • League: Master
  • Spawn Location: 5:00

JinairRogue (Rogue) - Winner!

  • Race: Zerg Zerg
  • Spawn Location: 11:00

Event: 2018 Hangzhou StarCraft Carnival

VOD

Have the link to the VOD?

Description

Time

  • Played on: April 29, 2018, 12:04 a.m.
  • Length: 10:45

All games in this series

Show
View Real Time Build Order
Export as new Build Order

Jieshi Protoss 

Build Orders: 1 Gate Expand 

Get SALT Encoding   

  12  0:00  Probe  
  13  0:12  Probe  
  14  0:18  Pylon  
  14  0:24  Probe  
  15  0:32  Probe  
  15  0:40  Probe  
  15  0:41  Gateway  
  17  0:50  Assimilator  
  17  0:51  Probe  
  18  1:03  Probe  
  19  1:15  Probe  
  20  1:26  Nexus  
  20  1:36  Cybernetics Core  
  20  1:39  Probe  
  21  1:44  Assimilator  
  21  1:51  Probe  
  21  1:53  Pylon  
  22  2:02  Probe  
  22  2:03  Adept  
  23  2:10  Probe  
  23  2:12  Warp Gate  
  26  2:18  Probe  
  26  2:29  Adept, Probe  
  27  2:35  Probe  
  30  2:41  Probe  
  30  2:43  Probe  
  33  2:53  Probe x2  
  33  2:56  Adept  
  37  3:05  Probe  
  38  3:14  Probe  
  38  3:17  Probe  
  39  3:26  Probe  
  40  3:29  Stalker, Probe  
  40  3:31  Gateway  
  41  3:34  Gateway  
  41  3:37  Pylon  
  41  3:38  Probe  
  44  3:41  Probe  
  44  3:44  Assimilator  
  44  3:47  Assimilator  
  45  3:50  Probe  
  45  3:55  Pylon, Probe  
  47  4:02  Probe  
  48  4:04  Probe  
  48  4:05  Stargate x2  
  49  4:12  Probe  
  49  4:14  Probe  
  51  4:20  Adept  
  51  4:22  Probe  
  54  4:26  Probe  
  54  4:27  Adept  
  57  4:32  Adept  
  57  4:34  Nexus  
  57  4:37  Pylon  
  59  4:40  Protoss Air Weapons Level 1  
  59  4:42  Probe  
  59  4:44  Pylon  
  60  4:51  Phoenix  
  62  4:54  Phoenix  
  64  5:00  Probe  
  64  5:01  Probe  
  66  5:07  Phoenix  
  66  5:11  Phoenix  
  66  5:30  Phoenix  
  66  5:31  Probe  
  66  5:32  Probe  
  66  5:35  Phoenix  
  70  5:38  Robotics Facility  
  70  5:39  Forge  
  72  5:43  Pylon, Probe  
  72  5:44  Probe  
  74  5:54  Probe  
  74  5:55  Phoenix  
  74  5:56  Probe  
  78  6:00  Phoenix  
  78  6:02  Probe  
  81  6:08  Probe  
  81  6:09  Probe  
  81  6:10  Twilight Council  
  82  6:14  Probe  
  82  6:17  Probe  
  82  6:18  Assimilator  
  84  6:20  Observer, Phoenix  
  84  6:22  Assimilator  
  84  6:24  Probe  
  84  6:25  Phoenix  
  90  6:26  Probe x2  
  90  6:28  Protoss Ground Weapons Level 1  
  93  6:39  Probe  
  94  6:45  Phoenix  
  94  6:47  Immortal  
  94  6:49  Probe  
  94  6:50  Robotics Bay  
  94  6:51  Probe  
  96  6:56  Gateway  
  96  6:57  Gateway  
  96  6:59  Gateway  
  96  7:01  Pylon, Probe  
  100  7:02  Pylon  
  100  7:03  Pylon  
  100  7:04  Blink  
  101  7:08  Pylon  
  101  7:09  Robotics Facility  
  101  7:26  Extended Thermal Lance  
  97  7:36  Stalker, Sentry  
  97  7:37  Stalker  
  103  7:40  Gateway  
  103  7:41  Probe  
  103  7:42  Gateway  
  102  7:44  Pylon  
  102  7:51  Colossus  
  104  7:56  Pylon  
  104  7:59  Stalker x2  
  104  8:00  Stalker  
  104  8:02  Colossus  
  116  8:09  Pylon  
  116  8:10  Shield Battery  
  116  8:12  Stalker, Sentry  
  117  8:13  Stalker  
  117  8:15  Protoss Ground Weapons Level 2  
  121  8:23  Pylon  
  121  8:30  Stalker x2  
  121  8:31  Stalker  
  127  8:39  Stalker, Disruptor  
  127  8:40  Stalker x2  
  130  8:43  Gateway  
  130  8:45  Gateway  
  130  8:48  Gateway  
  123  8:56  Zealot  
  123  8:58  Zealot x2  
  123  8:59  Disruptor  
  120  9:07  Zealot  
  120  9:08  Zealot x2  
  92  9:20  Disruptor  
  79  9:24  Zealot x2  
  79  9:25  Zealot  
  79  9:28  Probe  
  79  9:29  Probe x2, Cybernetics Core  
  88  9:33  Zealot x3  
  86  9:52  Zealot x3  
  81  9:53  Zealot x3  
  81  9:58  Probe  
  81  9:59  Probe  
  83  10:05  Pylon  
  83  10:06  Pylon  
  79  10:13  Stalker x2  
  79  10:14  Stalker x4  
  81  10:18  Probe x2  
  81  10:19  Robotics Facility  
  85  10:25  Robotics Facility  
  82  10:29  Sentry  
  82  10:30  Stalker x2  
Show
View Real Time Build Order
Export as new Build Order

JinairRogue Zerg - Winner!

Build Orders: Hatch First, Roach Hydra 

Get SALT Encoding   

  12  0:00  Drone  
  13  0:12  Overlord  
  13  0:17  Drone  
  14  0:30  Drone  
  14  0:31  Drone  
  16  0:48  Hatchery  
  15  0:51  Drone  
  15  0:55  Drone  
  17  0:58  Drone  
  18  1:09  Extractor  
  17  1:14  Spawning Pool  
  17  1:16  Drone  
  17  1:20  Drone  
  18  1:29  Drone  
  19  1:40  Drone  
  20  1:49  Overlord  
  20  2:00  Queen  
  20  2:01  Queen  
  24  2:02  Zergling x4  
  26  2:09  Metabolic Boost  
  26  2:11  Drone  
  26  2:12  Drone  
  28  2:21  Drone  
  28  2:22  Drone  
  30  2:32  Drone  
  30  2:33  Drone  
  32  2:39  Hatchery  
  32  2:44  Drone x2  
  33  2:54  Zergling x2  
  33  2:55  Overlord  
  34  3:06  Drone x2  
  34  3:08  Spore Crawler  
  34  3:09  Drone  
  35  3:16  Drone x5  
  41  3:20  Overlord  
  41  3:27  Zergling x2  
  41  3:28  Queen  
  43  3:34  Spore Crawler  
  43  3:35  Spore Crawler  
  43  3:37  Zergling x4  
  43  3:41  Drone  
  44  3:46  Queen  
  46  3:48  Overlord  
  46  3:53  Drone x2  
  48  3:56  Drone x3, Queen  
  48  4:01  Overlord  
  53  4:03  Drone  
  53  4:06  Drone  
  55  4:17  Zergling x8  
  55  4:20  Overlord  
  55  4:21  Spore Crawler  
  58  4:26  Lair, Roach Warren  
  58  4:27  Evolution Chamber  
  56  4:35  Drone x7  
  63  4:39  Drone x2  
  65  4:48  Zergling x8  
  65  4:51  Extractor  
  65  4:52  Extractor  
  67  4:54  Drone  
  67  4:55  Drone  
  67  4:56  Overlord  
  67  4:59  Drone x3  
  72  5:05  Overlord x2  
  72  5:10  Overlord, Zerg Missile Weapons Level 1  
  72  5:18  Extractor  
  72  5:19  Drone x5  
  72  5:20  Drone  
  75  5:21  Drone  
  75  5:24  Drone  
  75  5:25  Drone x2  
  75  5:26  Overseer  
  79  5:32  Overlord  
  79  5:33  Drone x4  
  79  5:35  Extractor  
  81  5:37  Extractor  
  81  5:41  Drone  
  81  5:44  Drone  
  81  5:45  Drone  
  81  5:46  Spore Crawler  
  81  5:47  Drone  
  81  5:49  Spore Crawler, Overlord  
  82  5:50  Drone x2, Hydralisk Den  
  82  5:51  Drone  
  82  5:52  Drone  
  84  6:00  Hatchery  
  84  6:01  Drone  
  84  6:02  Drone x2  
  85  6:08  Spore Crawler  
  85  6:10  Drone  
  85  6:11  Overlord x2  
  85  6:13  Drone x2  
  87  6:25  Overlord  
  87  6:26  Grooved Spines  
  87  6:30  Drone  
  88  6:38  Hydralisk x9  
  105  6:47  Hydralisk  
  105  6:48  Hydralisk x3  
  113  6:54  Hydralisk x3  
  113  6:57  Glial Reconstitution  
  119  7:02  Overlord x3  
  119  7:03  Overseer  
  119  7:09  Zerg Missile Weapons Level 2  
  119  7:20  Hydralisk x6  
  126  7:23  Drone  
  126  7:24  Drone x4  
  126  7:26  Drone  
  126  7:28  Drone  
  128  7:39  Roach x7  
  128  7:40  Roach  
  144  7:48  Overlord x3  
  144  7:56  Roach x4  
  152  7:59  Overlord x3  
  152  8:03  Muscular Augments  
  152  8:08  Ravager x3  
  152  8:09  Roach x3  
  152  8:11  Zergling x4  
  163  8:19  Zergling x2, Ravager x3  
  167  8:20  Zergling x12  
  167  8:21  Zergling x2  
  167  8:25  Zergling x2  
  167  8:26  Zergling x4  
  176  8:28  Zergling x2  
  176  8:41  Roach x5  
  176  8:42  Roach x3  
  176  8:43  Ravager x2  
  176  8:44  Overlord  
  174  8:58  Hydralisk x6  
  162  9:04  Zergling x2  
  162  9:05  Zergling x6  
  151  9:11  Zergling x12  
  151  9:14  Zergling x2  
  146  9:18  Hatchery  
  146  9:21  Roach x6  
  146  9:24  Roach  
  143  9:25  Zergling x4  
  143  9:26  Zergling x2  
  140  9:31  Drone x4  
  140  9:32  Drone  
  138  9:39  Roach x2  
  138  9:40  Roach  
  138  9:42  Roach  
  137  9:46  Roach x2  
  137  9:48  Roach x2  
  137  9:49  Roach  
  137  9:50  Roach x2  
  145  9:53  Zergling x8  
  145  9:54  Zergling x2  
  145  9:57  Zergling x2  
  145  9:59  Roach  
  139  10:01  Roach  
  139  10:02  Roach  
  139  10:06  Roach x2  
  138  10:07  Roach  
  138  10:09  Roach  
  138  10:12  Roach x2  
  145  10:17  Roach x3  
  145  10:18  Roach x2  
  151  10:21  Roach x2  
  151  10:22  Roach  
  151  10:26  Zergling x6  
Tags
 
Add a new tag
Caveats
  • Supply blocks, unpowered buildings, or Contaminate may cause inaccurate times.
  • Supply counts are checked every 10 seconds.